 Dungeon Crawl Stone Soup version 0.28-a0-317-g21599a725c (webtiles) character file.

Game seed: 9048543958577780557

212 McIrco the Cutter (level 6, -5/39 HPs)
             Began as a Kobold Berserker on Sept 1, 2021.
             Was a Priest of Trog.
             Slain by a bullfrog (7 damage)
             ... in a sewer.
             The game lasted 00:03:50 (4319 turns).

McIrco the Cutter (Kobold Berserker)                Turns: 4319, Time: 00:03:51

Health: -5/39      AC:  2    Str: 17    XL:     6   Next: 13%
Magic:  6/6        EV: 15    Int:  8    God:    Trog [***...]
Gold:   113        SH:  0    Dex: 14    Spells: 5/5 levels left

rFire   . . .      SeeInvis .   a - +0 short sword
rCold   . . .      Faith    .   (shield restricted)
rNeg    . . .      Spirit   .   b - +0 animal skin
rPois   .          Reflect  .   (no helmet)
rElec   .          Harm     .   (no cloak)
rCorr   .          Rampage  .   (no gloves)
Will    ++...                   (no boots)
Stlth   ++++......              (no amulet)
HPRegen 1.13/turn               (no ring)
MPRegen 0.10/turn               (no ring)

@: about to teleport, strong-willed, on berserk cooldown, regenerating, slowed,
very slow
A: small, no large weapons, nightstalker 3
a: Renounce Religion, Berserk, Trog's Hand


You were in a sewer.
You worshipped Trog.
Trog was most pleased with you.
You visited 1 branch of the dungeon, and saw 3 of its levels.
You also visited: Sewer.

You collected 143 gold pieces.
You spent 30 gold pieces at shops.

Inventory:

Hand Weapons
 a - a +0 short sword (weapon)
Armour
 b - a +0 animal skin (worn)
Jewellery
 g - a +6 ring of intelligence
Scrolls
 d - 3 scrolls of teleportation
 e - a scroll of identify


   Skills:
 + Level 4.4 Fighting
 + Level 5.5 Short Blades
 + Level 1.6 Armour
 + Level 3.6 Dodging
 + Level 4.2 Stealth


You had 5 spell levels left.
You didn't know any spells.
Your spell library was empty.

Dungeon Overview and Level Annotations

Branches:
Dungeon (3/15)              Sewer (1/1)

Altars:

Shops:
D:2 !


Innate Abilities, Weirdness & Mutations

You are small and have problems with some larger weapons.
You are completely attuned to the shadows.


Message History

Your skin crawls.
You feel strong-willed. The bullfrog completely misses you.
The bullfrog hits you.
The frilled lizard completely misses you.
The bullfrog hits you.
* * * LOW HITPOINT WARNING * * *
The frilled lizard bites you.
* * * LOW HITPOINT WARNING * * *
Unknown command.
The bullfrog completely misses you.
You enter the shallow water.
Moving in this stuff is going to be slow.
The bullfrog barely misses you. x2; The bullfrog hits you.
* * * LOW HITPOINT WARNING * * *
The frilled lizard bites you but does no damage.
The bullfrog closely misses you. The bullfrog barely misses you.
The frilled lizard closely misses you. The frilled lizard misses you.
The bullfrog completely misses you. The frilled lizard barely misses you.
The bullfrog closely misses you. The bullfrog hits you.
The frilled lizard bites you but does no damage.
You see here a giant cockroach corpse.
The bullfrog closely misses you. The bullfrog hits you.
* * * LOW HITPOINT WARNING * * *
The frilled lizard misses you.
You feel better. The bullfrog hits you.
* * * LOW HITPOINT WARNING * * *
The frilled lizard bites you but does no damage.
The bullfrog hits you.
* * * LOW HITPOINT WARNING * * *
The frilled lizard unfolds its giant frill.
The giant cockroach splashes around in the water.
The frilled lizard misses you.
Unknown command.
As you read the scroll of teleportation, it crumbles to dust.
You feel strangely unstable. The bullfrog hits you.
* * * LOW HITPOINT WARNING * * *
The bullfrog misses you.
The giant cockroach splashes around in the water.
The frilled lizard misses you. The bullfrog hits you!
You die...

#.≈≈##≈≈≈≈.≈.##≈≈≈#≈.##
##.≈##≈≈.≈.≈≈≈≈##≈†##..#
#..≈#.≈..≈.≈.≈≈≈#≈≈.#.∩#
#≈≈##≈≈≈#####≈.≈##≈≈#≈.#
#≈≈#≈≈≈## ##≈≈≈#≈≈##.##
.≈≈#≈≈## ##≈≈#.≈≈#..#
≈.##≈.# #.≈###≈#..#
≈≈#≈≈## ##≈≈≈#†#.≈#
≈≈#.≈# #@Bl#.#≈≈# ≈≈#..#
#Fl.#≈#≈≈# ≈≈#≈≈# .≈≈.
#lJ##≈#÷.# ≈≈#≈≈# $≈≈≈
#≈≈#≈≈#÷†# ≈.#≈÷# $.≈l
#.≈#≈≈#..# .≈#≈≈##
[≈.≈##..#≈≈≈≈≈# .≈##≈.#
.≈≈J≈≈≈.#.≈≈≈≈# ≈≈.#≈≈##
≈≈≈≈.≈###≈≈≈≈≈#
#≈.#≈.≈##
≈≈≈≈###≈#######


You could see a bullfrog, an endoplasm, a giant cockroach and 3 frilled lizards.

Vanquished Creatures
  A bullfrog (Sewer)
  5 adders
  2 worms
  A dart slug (D:1)
  3 bats
  10 endoplasms
  10 giant cockroaches
  6 goblins (D:2)
  4 hobgoblins
  6 jackals
  2 kobolds
  10 quokkas (Sewer)
  12 ball pythons
  16 frilled lizards
  3 rats
91 creatures vanquished.

Notes
Turn   | Place    | Note
-------+----------+-------------------------------------------
     0 | D:1      | McIrco the Kobold Berserker began the quest for the Orb.
     0 | D:1      | Reached XP level 1. HP: 14/14 MP: 1/1
   165 | D:1      | Reached XP level 2. HP: 19/19 MP: 2/2
   240 | D:1      | Reached skill level 1 in Stealth
  1025 | D:2      | Reached XP level 3. HP: 24/24 MP: 3/3
  1121 | D:2      | Found Hicomm's Distillery.
  1251 | D:2      | Bought a potion of curing for 30 gold pieces
  1286 | D:2      | Found a faded altar of an unknown god.
  1877 | D:2      | Reached XP level 4. HP: 29/29 MP: 4/4
  1880 | D:2      | Reached ** piety under Trog
  2651 | D:3      | Found a glowing drain.
  2665 | D:3      | Reached XP level 5. HP: 33/33 MP: 5/5
  2669 | Sewer    | Entered a sewer
  2738 | Sewer    | Reached skill level 5 in Short Blades
  3587 | Sewer    | Reached *** piety under Trog
  4280 | Sewer    | Noticed a bullfrog
  4286 | Sewer    | Noticed a bullfrog
  4289 | Sewer    | Killed a bullfrog
  4290 | Sewer    | Reached XP level 6. HP: 39/39 MP: 6/6
  4319 | Sewer    | Slain by a bullfrog

Illustrated notes

Levels and vault maps discovered:
D:1:      wander_arrival_fairy_ring, layout_loops_cross, minmay_circled_x
D:2:      layout_basic, hellmonk_ecumenical_altar_pennies_from_heaven,
          serial_shops, shop, minmay_increasing_density
D:3:      layout_loops_ring, cheibrodos_sewer_entry_bend, minmay_cut_off
Sewer:    sewer_frog_island_02

Skill      XL: |  1  2  3  4  5 |
---------------+----------------+-----
Stealth        | 1 2 3 4 |  4.2
Fighting       | 4 |  4.4
Dodging        | 3 |  3.6
Short Blades   | 5 |  5.5
Armour         | |  1.6

Action                   |  1- 3 |  4- 6 || total
-------------------------+-------+-------++-------
Melee: Short sword       |    73 |   254 ||   327
Invok: Berserk           |     2 |     8 ||    10
       Trog's Hand       |       |     2 ||     2
  Use: Scroll            |       |     3 ||     3
       Potion            |       |     1 ||     1
 Stab: Sleeping          |    16 |     6 ||    22
Armor: Animal skin       |     5 |    50 ||    55
Dodge: Dodged            |    48 |   215 ||   263

Table legend: (Time is in decaauts)
 A = Elapsed time spent in this place.
 B = Non-inter-level travel time spent in this place.
 C = Inter-level travel time spent in this place.
 D = Time resting spent in this place.
 E = Time spent auto-exploring this place.
 F = Levels seen in this place.
 G = Mean time per level.
                   A        B        C        D        E       F      G
               +--------+--------+--------+--------+--------+-----+--------+
         Total |   4411 |   4344 |     67 |   1549 |   2219 |   4 | 1102.8 |
       Dungeon |   2674 |   2607 |     67 |    295 |   1999 |   3 |  891.3 |
         Sewer |   1737 |   1737 |      0 |   1254 |    219 |   1 | 1737.0 |
               +--------+--------+--------+--------+--------+-----+--------+

Top non-repeatable levels by time:
   Sewer: 1737 daAuts
     D:2: 1551 daAuts
     D:1: 1014 daAuts
     D:3: 108 daAuts
